 Dungeon Crawl Stone Soup version 0.28-a0-932-g843f935a50 (webtiles) character file.

Game seed: 1917117471111388277

86534 opjop the Unseen (level 15, -12/78 HPs)
             Began as a Spriggan Enchanter on Nov 26, 2021.
             Was a High Priest of Dithmenos.
             Killed from afar by an acid blob (18 damage)
             ... with a splash of acid
             ... on level 6 of the Lair of Beasts on Nov 27, 2021.
             The game lasted 01:25:12 (32694 turns).

opjop the Unseen (Spriggan Enchanter)              Turns: 32694, Time: 01:25:13

Health: -12/78     AC: 11    Str:  9    XL:     15   Next: 41%
Magic:  35/35      EV: 24    Int: 17    God:    Dithmenos [*****.]
Gold:   1576       SH:  0    Dex: 17    Spells: 33/44 levels left

rFire   . . .      SeeInvis +   y - +4 dagger
rCold   + + +      Faith    .   (shield restricted)
rNeg    . . .      Spirit   .   x - +4 skin of Zhor {*Englaciate rC+++ SInv}
rPois   .          Reflect  .   (helmet restricted)
rElec   .          Harm     .   K - +2 cloak
rCorr   .          Rampage  .   (gloves unavailable)
Will    ++...                   (boots unavailable) Stlth **++++++++
                                z - amulet "Wameco" {RegenMP Fly}
HPRegen 0.23/turn               R - +4 ring of protection
MPRegen 0.64/turn               p - +4 ring of protection

@: corroded, flying, wreathed by umbra, very quick
A: very small, no large weapons, unfitting armour, see invisible, speed 3,
hooves 1, iridescent scales 1
a: Renounce Religion, Shadow Step, Shadow Form


You were on level 6 of the Lair of Beasts.
You worshipped Dithmenos.
Dithmenos was extremely pleased with you.
You visited 3 branches of the dungeon, and saw 21 of its levels.

You collected 1979 gold pieces.
You spent 403 gold pieces at shops.

Inventory:

Hand Weapons
 o - a +2 dagger of holy wrath
 y - a +4 dagger (weapon)
Missiles
 h - 40 poisoned darts (quivered)
 n - 10 curare-tipped darts
 q - 5 throwing nets
Armour
 x - the +4 skin of Zhor (worn) {*Englaciate rC+++ SInv}
   (You found it on level 7 of the Dungeon)

   It radiates cold, occasionally slowing all nearby creatures who are not
   resistant to cold.
   rC:        It renders you almost immune to cold.
   SInv:      It lets you see invisible.
 K - a +2 cloak (worn)
Jewellery
 i - a ring of resist corrosion
 p - a +4 ring of protection (right hand)
 z - the amulet "Wameco" (around neck) {RegenMP Fly}
   (You found it on level 10 of the Dungeon)

   [amulet of magic regeneration]

   It increases your rate of magic regeneration.
   Fly:       It grants you flight.
 B - a ring of poison resistance
 R - a +4 ring of protection (left hand)
 S - a ring of fire
Wands
 c - a wand of digging (2)
 l - a wand of paralysis (13)
 r - a wand of charming (13)
 A - a wand of flame (40)
 D - a wand of polymorph (4)
 N - a wand of iceblast (6)
Scrolls
 b - 7 scrolls of magic mapping
 g - 4 scrolls of fear
 j - 3 scrolls of immolation
 v - 4 scrolls of amnesia
 w - 6 scrolls of identify
 L - 3 scrolls of enchant armour
 O - 3 scrolls of teleportation
Potions
 d - 6 potions of curing
 e - 3 potions of flight
 k - 4 potions of heal wounds
 m - 4 potions of brilliance
 u - 6 potions of attraction
 C - a potion of invisibility
 E - 4 potions of might
 F - 2 potions of resistance
 G - a potion of mutation
 H - a potion of berserk rage
 I - 2 potions of lignification
 M - 4 potions of haste
 P - 9 potions of ambrosia
 Q - a potion of cancellation
Miscellaneous
 J - a lightning rod (4/4)


   Skills:
 + Level 8.9 Fighting
 + Level 11.5 Short Blades
 - Level 5.0 Armour
 + Level 10.9 Dodging
 + Level 18.9 Stealth
 + Level 15.3 Spellcasting
 + Level 15.4 Hexes


You had 33 spell levels left.
You knew the following spells:

 Your Spells              Type           Power      Damage    Failure   Level
a - Ensorcelled Hibernat  Hex/Ice        78%        N/A       1%          2
b - Tukima's Dance        Hex            60%        N/A       1%          3
c - Dazzling Flash        Conj/Hex       78%        N/A       1%          3
d - Summon Guardian Gole  Hex/Summ       39%        N/A       1%          3

Your spell library contained the following spells:

 Spells                   Type           Power      Damage    Failure   Level
 Slow                     Hex            100%       N/A       0%          1
 Confusing Touch          Hex            60%        N/A       1%          3
 Inner Flame              Hex/Fire       39%        N/A       1%          3
 Magic Dart               Conj           52%        1d5       4%          1
 Summon Small Mammal      Summ           52%        N/A       4%          1
 Call Imp                 Summ           13%        N/A       8%          2
 Passwall                 Tmut/Erth      10%        N/A       8%          2
 Call Canine Familiar     Summ           13%        N/A       16%         3
 Gell's Gravitas          Tloc           13%        N/A       16%         3
 Lesser Beckoning         Tloc           13%        N/A       16%         3
 Mephitic Cloud           Conj/Pois/Air  13%        N/A       16%         3
 Swiftness                Air            13%        N/A       16%         3
 Teleport Other           Tloc           13%        N/A       16%         3
 Vampiric Draining        Necr           13%        2d6       16%         3
 Fireball                 Conj/Fire      6%         3d5       80%         5
 Dispersal                Tloc           6%         N/A       100%        6
 Starburst                Conj/Fire      6%         6d4       100%        6
 Ignition                 Fire           6%         3d4       100%        8


Dungeon Overview and Level Annotations

Branches:
Dungeon (14/15)            Temple (1/1) D:6            Lair (6/6) D:11
  Swamp (0/4) Lair:3       Spider (0/4) Lair:3        Slime (0/5) Lair:6
    Orc (0/2) D:10         Vaults (0/5) D:13

Altars:
Dithmenos
Sif Muna
Jiyva

Shops:
D:1 *   D:10 (   D:12 *

Annotations:
D:13 2 transporters, Ophy Cobb's ghost, journeyman VSCj
D:14 Agnes


Innate Abilities, Weirdness & Mutations

You are very small and have problems with some larger weapons.
You are too small for most types of armour.
You have supernaturally acute eyesight. (SInv)
You cover ground extremely quickly. (Speed+++)
You have large cloven feet.
You are partially covered in iridescent scales. (AC +2)


Message History

Casting: Ensorcelled Hibernation (safe; 1% risk of failure)
Confirm with . or Enter, or press ? or * to list all spells.
A guardian golem appears, shielding your allies.
The acid blob jiggles.
The acid blob barely misses you.
Unknown command.
Unknown command.
The acid blob spits acid at you. The splash of acid misses you.
The acid blob spits acid at you. The splash of acid hits you!
The acid corrodes you! What are your orders? t - Shout!
Orders for allies: a - Attack new target. p - Attack previous target. r - Retreat! s - Stop attacking. g - Guard the area. f - Follow me.
Anything else - Cancel.
Gang up on whom?
Press: ? - help, Dir - move target, f/p - acid blob
Aim: an acid blob (ally target, umbra) Attack!
The acid blob spits acid at you. The splash of acid misses you.
The acid blob jiggles.
Unknown command.
You radiate an aura of cold.
The acid blob resists.
Your guardian golem is unaffected.
The acid blob resists.
The acid blob misses you.
The acid blob jiggles.
The acid blob spits acid at you. The splash of acid hits you!!
The acid corrodes you! The acid blob spits acid at you.
The splash of acid hits you!!
* * * LOW HITPOINT WARNING * * *
The acid blob spits acid at you. The splash of acid hits you!
* * * LOW HITPOINT WARNING * * *
The acid blob spits acid at you. The splash of acid hits you!!
You die...

.........#.>.#.............#
.........#...##.......#...##
.........#._.#............#
.........##'###.....#.#...#
.###..........##...P##....#
# #........9.#P..........#
##........JJPP#.#P.#P.P##
###......J...##..P.....#
##........@###.......##
#....................#
##.###...............## #.#
####..##....†....# #.
..##........### ##
.............#
#...#.......## ####
##.#........P# ##..#
..........##


You could see 2 acid blobs, a slime creature and a friendly guardian golem
(summoned).

Vanquished Creatures
  Nessos (Lair:5)
  A boulder beetle (Lair:6)
  A rakshasa (D:14)
  11 hydras
  2 catoblepae
  A vault guard (D:13)
  2 centaur warriors (D:13)
  A two-headed ogre (D:12)
  A death knight (D:14)
  A tengu warrior (D:13)
  Urug (Lair:6)
  2 death yaks (Lair:6)
  Sonja (D:13)
  3 skeletal warriors (D:14)
  2 bog bodies (Lair:3)
  A lindwurm (Lair:6)
  Pikel (D:8)
  2 necromancers (D:13)
  10 ugly things
  5 manticores
  2 cyclopes (D:14)
  15 elephants
  A torpor snail (Lair:6)
  12 cane toads
  2 unseen horrors (D:14)
  12 komodo dragons
  10 rime drakes
  A kobold demonologist (D:11)
  A queen bee (Lair:5)
  2 trolls
  2 polar bears (Lair:6)
  3 meliai (Lair:5)
  Grinder (D:4)
  17 slime creatures
  16 blink frogs
  7 dream sheep (Lair:6)
  97 yaks
  12 wyverns
  A shadow (D:12)
  17 basilisks
  13 humans (D:13)
  3 vampire mosquitoes (D:14)
  An acid dragon (D:10)
  A hell hound (Lair:6)
  6 water moccasins
  2 ice beasts (D:7)
  4 orc warriors
  2 sky beasts
  2 black bears
  3 necrophages
  2 lemures (D:8)
  7 wolves
  An ogre (D:7)
  5 centaurs
  3 kobold brigands
  A phantom (D:7)
  8 bullfrogs
  A gnoll sergeant (D:11)
  3 scorpions
  A water moccasin zombie (D:5)
  24 killer bees
  2 wights
  3 howler monkeys
  2 electric eels
  2 lava snakes (D:9)
  A bullfrog zombie (D:5)
  2 jellies (D:6)
  4 centaur zombies
  2 orc priests
  A gnoll shaman (D:10)
  3 iguanas
  7 orc wizards
  13 hell rats (Lair:6)
  A killer bee zombie (D:7)
  2 howler monkey zombies (D:9)
  3 gnolls
  7 adders
  A shadow imp (D:6)
  4 worms
  18 orcs
  3 bats
  5 endoplasms
  3 giant cockroaches
  5 goblins
  5 hobgoblins
  13 kobolds
  2 quokkas
  4 ball pythons
  3 frilled lizards
  4 rats
499 creatures vanquished.

Vanquished Creatures (collateral kills)
  A vault guard (D:13)
  A kobold demonologist (D:12)
  Sigmund (D:5)
  A human (D:13)
  An acid dragon (D:10)
  3 orc warriors
  2 centaurs (D:9)
  An ogre (D:5)
  6 wights
  2 orc priests (D:12)
  An orc wizard (D:12)
  12 gnolls
  10 orcs
42 creatures vanquished.

Vanquished Creatures (others)
  Rupert (D:14)
  A hydra (D:11)
  A catoblepas (Lair:3)
  A wizard (D:13)
  A necromancer (D:13)
  A slime creature (D:13)
  A freezing wraith (D:14)
  A tarantella (Lair:3)
  A wyvern (D:8)
  3 wraiths
  2 yaks (Lair:3)
  A shadow (D:10)
  5 humans (D:13)
  A human (shapeshifter) (D:13)
  14 dancing weapons
  A wyvern zombie (D:8)
  2 gnoll sergeants
  A wight (D:10)
  2 gnolls
  A shadow imp (D:8)
  An orc (D:5)
  13 fungi
  20 plants
76 creatures vanquished.

Grand Total: 617 creatures vanquished

Notes
Turn   | Place    | Note
-------+----------+-------------------------------------------
     0 | D:1      | opjop the Spriggan Enchanter began the quest for the Orb.
     0 | D:1      | Reached XP level 1. HP: 9/9 MP: 5/5
   518 | D:1      | Found Hojeoh's General Store.
   527 | D:1      | Bought a potion of degeneration for 12 gold pieces
   772 | D:1      | Reached XP level 2. HP: 13/13 MP: 7/7
   775 | D:1      | Learned a level 2 spell: Ensorcelled Hibernation
  1985 | D:2      | Reached XP level 3. HP: 16/16 MP: 9/9
  1989 | D:2      | Learned a level 3 spell: Tukima's Dance
  1993 | D:2      | Learned a level 3 spell: Dazzling Flash
  3353 | D:3      | Reached XP level 4. HP: 12/21 MP: 8/11
  3711 | D:3      | Reached skill level 5 in Hexes
  4585 | D:4      | Noticed a scorpion
  4618 | D:4      | Killed a scorpion
  4619 | D:4      | Reached skill level 5 in Spellcasting
  4619 | D:4      | Reached XP level 5. HP: 24/24 MP: 4/13
  5369 | D:4      | Noticed Grinder
  5705 | D:4      | Paralysed by Grinder for 6 turns
  5729 | D:5      | Entered Level 5 of the Dungeon
  5944 | D:5      | Learned a level 3 spell: Summon Guardian Golem
  6206 | D:6      | Noticed a necrophage
  6222 | D:6      | Killed a necrophage
  6223 | D:6      | Reached skill level 5 in Stealth
  6223 | D:6      | Reached XP level 6. HP: 15/28 MP: 11/15
  7258 | D:4      | Killed Grinder
  7259 | D:4      | Reached skill level 6 in Stealth
  7476 | D:5      | Reached skill level 7 in Stealth
  7476 | D:5      | Reached XP level 7. HP: 18/32 MP: 17/17
  8576 | D:6      | You fall into a shaft and drop 2 floors!
  8703 | D:8      | Noticed a wyvern
  8731 | D:8      | Killed a wyvern
  8732 | D:8      | Reached skill level 8 in Stealth
  8732 | D:8      | Reached XP level 8. HP: 10/36 MP: 10/20
  9416 | D:8      | Reached skill level 9 in Stealth
 10541 | D:6      | Reached skill level 10 in Stealth
 10654 | D:6      | Found a staircase to the Ecumenical Temple.
 10683 | Temple   | Entered the Ecumenical Temple
 10760 | Temple   | Became a worshipper of Dithmenos the Shadowed
 11224 | D:5      | Reached XP level 9. HP: 29/39 MP: 22/22
 11621 | D:5      | Noticed Sigmund
 11634 | D:5      | Killed Sigmund
 11635 | D:5      | Reached skill level 11 in Stealth
 12486 | D:7      | Noticed a rime drake
 12895 | D:7      | Identified the +6 war axe "Xauzxo" {freeze, Drain rPois
                  | Dex+7}
 12910 | D:7      | Reached skill level 1 in Fighting
 12910 | D:7      | Reached skill level 1 in Armour
 12927 | D:7      | Reached skill level 10 in Hexes
 13169 | D:7      | Reached * piety under Dithmenos
 13451 | D:7      | Killed a rime drake
 13471 | D:7      | Noticed a rime drake
 13475 | D:7      | Noticed a rime drake
 13605 | D:7      | Killed a rime drake
 13606 | D:7      | Reached skill level 12 in Stealth
 13606 | D:7      | Reached skill level 10 in Spellcasting
 13606 | D:7      | Reached XP level 10. HP: 36/46 MP: 20/25
 13864 | D:7      | Found the +4 skin of Zhor {*Englaciate rC+++ SInv}
 14328 | D:8      | Noticed Pikel
 14346 | D:8      | Killed Pikel
 15134 | D:9      | HP: 2/49 [centaur/arrow (9)]
 15904 | D:10     | Entered Level 10 of the Dungeon
 16180 | D:10     | Reached skill level 13 in Stealth
 16389 | D:10     | Reached skill level 5 in Short Blades
 16423 | D:10     | Reached XP level 11. HP: 44/53 MP: 18/26
 16485 | D:10     | Found a shimmering blue altar of Sif Muna.
 16714 | D:10     | Identified the amulet "Wameco" {RegenMP Fly}
 16893 | D:10     | Found Anotosum's Weapon Emporium.
 16893 | D:10     | Found a staircase to the Orcish Mines.
 16906 | D:10     | Reached ** piety under Dithmenos
 17813 | D:11     | Noticed a seven-headed hydra
 17851 | D:11     | Killed a seven-headed hydra
 18219 | D:11     | Found a staircase to the Lair.
 18836 | D:12     | Found Xeamaje's General Store.
 18846 | D:12     | Bought a potion of heal wounds for 85 gold pieces
 18846 | D:12     | Bought 2 potions of heal wounds for 170 gold pieces
 18846 | D:12     | Bought 2 potions of might for 136 gold pieces
 18860 | D:12     | Noticed a five-headed hydra
 19152 | D:12     | Noticed a two-headed ogre
 19270 | D:11     | Reached skill level 14 in Stealth
 19324 | D:12     | Killed a two-headed ogre
 19495 | D:12     | Killed a five-headed hydra
 19496 | D:12     | Reached skill level 5 in Fighting
 19924 | D:13     | Noticed a centaur warrior
 19932 | D:13     | Killed a centaur warrior
 19932 | D:13     | Reached *** piety under Dithmenos
 19935 | D:13     | Reached XP level 12. HP: 60/60 MP: 26/28
 20377 | D:13     | Noticed Sonja
 20384 | D:13     | Killed Sonja
 20427 | D:13     | Noticed a tengu warrior
 20480 | D:13     | Killed a tengu warrior
 20724 | D:13     | Noticed a centaur warrior
 20734 | D:13     | Killed a centaur warrior
 20735 | D:13     | Reached skill level 5 in Armour
 20928 | D:13     | Found a transporter.
 21200 | D:13     | Reached skill level 15 in Stealth
 21652 | D:13     | Found a transporter.
 21652 | D:13     | Noticed Ophy Cobb's ghost (journeyman VSCj)
 21947 | D:13     | Noticed a vault guard
 21952 | D:13     | Noticed a vault guard
 21995 | D:13     | Killed a vault guard
 22020 | D:13     | Killed a vault guard
 22020 | D:13     | Reached **** piety under Dithmenos
 22296 | D:13     | Reached skill level 5 in Dodging
 22440 | D:13     | Found a gate to the Vaults.
 22545 | D:14     | Got the Compendium of the Tarantula
 22577 | D:14     | Noticed a rakshasa
 22601 | D:14     | Killed a rakshasa
 22626 | D:14     | Reached XP level 13. HP: 65/65 MP: 30/30
 22773 | D:14     | Noticed Rupert
 22790 | D:14     | Killed Rupert
 22791 | D:14     | Reached skill level 16 in Stealth
 23050 | D:14     | Noticed Agnes
 24828 | Lair:1   | Entered Level 1 of the Lair of Beasts
 24917 | Lair:1   | Found the +3 sling "Punk" {acid, rCorr}
 25224 | Lair:1   | Gained mutation: You are partially covered in iridescent
                  | scales. (AC +2) [potion of mutation]
 25224 | Lair:1   | Gained mutation: Your mind is acute. (Int +2) [potion of
                  | mutation]
 25224 | Lair:1   | Lost mutation: Your mind is acute. (Int +2) [potion of
                  | mutation]
 25224 | Lair:1   | Gained mutation: You have large cloven feet. [potion of
                  | mutation]
 25585 | Lair:1   | Upgraded the game from 0.28-a0-925-gd5e1996cdb to
                  | 0.28-a0-932-g843f935a50
 26339 | Lair:2   | Reached ***** piety under Dithmenos
 26644 | Lair:3   | Reached skill level 17 in Stealth
 26723 | Lair:3   | Reached XP level 14. HP: 72/72 MP: 32/32
 26993 | Lair:3   | Reached skill level 10 in Short Blades
 27507 | Lair:3   | Found a staircase to the Swamp.
 28027 | Lair:3   | Found a hole to the Spider Nest.
 30144 | Lair:5   | Reached skill level 18 in Stealth
 30453 | Lair:5   | Noticed Nessos
 30459 | Lair:5   | Killed Nessos
 31234 | Lair:6   | Entered Level 6 of the Lair of Beasts
 31243 | Lair:6   | Reached skill level 15 in Hexes
 31245 | Lair:6   | Reached skill level 10 in Dodging
 31274 | Lair:6   | Reached XP level 15. HP: 50/78 MP: 16/34
 31515 | Lair:6   | Reached skill level 15 in Spellcasting
 31678 | Lair:6   | Reached ****** piety under Dithmenos
 32409 | Lair:6   | Noticed Urug
 32412 | Lair:6   | Killed Urug
 32672 | Lair:6   | Found a runed translucent door.
 32675 | Lair:6   | Found a viscous altar of Jiyva.
 32675 | Lair:6   | Noticed an acid blob
 32676 | Lair:6   | Found a staircase to the Slime Pits.
 32676 | Lair:6   | Noticed an acid blob
 32694 | Lair:6   | Killed from afar by an acid blob

Illustrated notes

Levels and vault maps discovered:
D:1:      dpeg_arrival_chambers_temple_mockup, layout_basic, serial_shops, shop,
          moated_statue, minmay_misc_feat_rows
D:2:      layout_basic, minmay_misc_feat_roman
D:3:      layout_basic
D:4:      layout_gridville, uniq_grinder
D:5:      layout_rooms, minmay_fractal_squares_diagonal_5, uniq_sigmund
D:6:      layout_loops_ring, minmay_temple_entry_gardened_gates,
          grunt_ministairs_4
D:7:      layout_basic, corexii_hall_statues_deadend,
          hellmonk_guarded_unrand_zhor
D:8:      layout_basic, uniq_pikel
D:9:      layout_big_octagon
D:10:     layout_rooms, lemuel_crystal_altar, orc_david_3
D:11:     layout_loops_corners, david_lair_generic
D:12:     layout_gridville, serial_shops, shop_statue
D:13:     layout_irregular_city, grunt_vaults_entry_tiered,
          gammafunk_ghost_hive, uniq_sonja
D:14:     layout_roguey, chequers_serial_rivers_micro_e, due_unseen_surprise,
          uniq_agnes, uniq_rupert
Temple:   mainiacjoe_temple_trianglar_array
Lair:1:   layout_regular_city, chequers_serial_rivers_large_a,
          grunt_megastairs_1, infiniplex_staircase_pool_2
Lair:2:   layout_roguey, lemuel_fruit_fields
Lair:3:   layout_layer_cave, skrybe_swamp_entry_bodies,
          spider_nest_entry_rubble, minivault_24,
          nicolae_quartered_pool_impasse, chequers_serial_rivers_room_b,
          grunt_forest_stairs_basic, chequers_serial_rivers_micro_d,
          grunt_megastairs_2
Lair:4:   layout_hall_layers
Lair:5:   layout_roguey, special_room [special_room_bee], lemuel_fruit_fields,
          lemuel_fruit_tree, uniq_nessos
Lair:6:   hangedman_lair_in_review, layout_gridlike, slime_altar_2, special_room
          [special_room_mythical_zoo], serial_bayou_shore_b, uniq_urug

Skill      XL: |  1  2  3  4  5  6  7  8  9 10 11 12 13 14 15 |
---------------+----------------------------------------------+-----
Spellcasting   | 3 4 5 6 7 8 10 11 12 13 14 15 | 15.3
Hexes          | 4 5 6 7 9 10 11 12 13 14 15 | 15.4
Stealth        | 5 7 8 10 12 13 14 15 17 18 | 18.9
Fighting       | 2 3 5 6 7 8 |  8.9
Armour         | 1 3 4 5 |  5.0
Short Blades   | 3 5 6 8 9 11 | 11.5
Dodging        | 5 7 10 | 10.9

Action                   |  1- 3 |  4- 6 |  7- 9 | 10-12 | 13-15 || total
-------------------------+-------+-------+-------+-------+-------++-------
Melee: Dagger            |   120 |   175 |   291 |   418 |   538 ||  1542
       Kick              |       |       |       |       |    79 ||    79
Throw: Dart              |       |     7 |       |       |     3 ||    10
 Cast: Ensorcelled Hiber |    21 |    16 |    69 |   150 |   318 ||   574
       Tukima's Dance    |       |     9 |    19 |    47 |     1 ||    76
       Dazzling Flash    |       |     6 |     4 |     2 |    14 ||    26
       Summon Guardian G |       |     4 |     8 |    24 |    15 ||    51
Invok: Shadow Step       |       |       |       |       |     9 ||     9
Evoke: Wand              |       |     7 |     8 |    12 |    41 ||    68
       Lightning rod     |       |       |       |     3 |     5 ||     8
  Use: Scroll            |     4 |     4 |     6 |     9 |     7 ||    30
       Potion            |       |     3 |     1 |     3 |     2 ||     9
 Stab: Sleeping          |    14 |    12 |    39 |    86 |   204 ||   355
       Distracted        |       |       |     1 |     1 |     3 ||     5
       Paralysed         |       |       |     2 |     3 |     1 ||     6
       Invisible         |       |       |     1 |     1 |     6 ||     8
       Petrified         |       |       |       |       |     3 ||     3
Armor: Robe              |    14 |    23 |    49 |       |       ||    86
       Animal skin       |       |       |       |   112 |    82 ||   194
Dodge: Dodged            |    79 |   125 |   251 |   337 |   407 ||  1199

Table legend: (Time is in decaauts)
 A = Elapsed time spent in this place.
 B = Non-inter-level travel time spent in this place.
 C = Inter-level travel time spent in this place.
 D = Time resting spent in this place.
 E = Time spent auto-exploring this place.
 F = Levels seen in this place.
 G = Mean time per level.
                   A        B        C        D        E       F      G
               +--------+--------+--------+--------+--------+-----+--------+
         Total |  26280 |  25630 |    650 |   7923 |  12816 |  21 | 1251.4 |
       Dungeon |  20294 |  19744 |    550 |   7055 |   9139 |  14 | 1449.6 |
        Temple |     79 |     64 |     15 |      0 |     60 |   1 |   79.0 |
          Lair |   5907 |   5823 |     84 |    867 |   3616 |   6 |  984.5 |
               +--------+--------+--------+--------+--------+-----+--------+

Top non-repeatable levels by time:
     D:8: 2619 daAuts
     D:4: 2357 daAuts
    D:13: 2176 daAuts
    D:14: 1823 daAuts
     D:7: 1775 daAuts
     D:2: 1751 daAuts
    D:11: 1425 daAuts
  Lair:3: 1379 daAuts
     D:5: 1257 daAuts
  Lair:6: 1198 daAuts
  Lair:5: 1170 daAuts
     D:1: 1145 daAuts
     D:6: 1107 daAuts
    D:10: 928 daAuts
  Lair:4: 919 daAuts
